 Dungeon Crawl Stone Soup version 0.32-a0-607-g64ea0e4219 (webtiles) character file.

Game seed: 3107609418172112685

4 killozap the Firebug (level 1, -4/14 HPs)
             Began as a Mountain Dwarf Fire Elementalist on Mar 3, 2024.
             Slain by a quokka (5 damage)
             ... on level 1 of the Dungeon.
             The game lasted 00:00:53 (60 turns).

killozap the Firebug (MDFE)                           Turns: 60, Time: 00:00:54

Health: -4/14      AC:  2    Str: 10    XL:     1   Next: 58%
Magic:  0/3        EV: 11    Int: 15    God:
Gold:   17         SH:  0    Dex: 10    Spells: 2/3 levels left

rFire   . . .        c - +0 club
rCold   . . .        (no shield)
rNeg    . . .        a - +0 robe
rPois   .            (no helmet)
rElec   .            (no cloak)
rCorr   .            (no gloves)
SInv    .            (no boots)
Will    .....        (no amulet)
Stlth   ++           (no ring)
HPRegen 0.22/turn    (no ring)
MPRegen 0.08/turn

%: no passive effects
@: no status effects
A: runic magic, artefact enchanting
a: no special abilities


You were on level 1 of the Dungeon.
You visited 1 branch of the dungeon, and saw 1 of its levels.

You collected 17 gold pieces.

Inventory:

Hand Weapons
 c - a +0 club (weapon)
Armour
 a - a +0 robe (worn)
Potions
 b - a potion of magic


   Skills:
 + Level 0.2 Fighting
 + Level 0.3 Armour
 - Level 1.3 Dodging
 - Level 1.4 Stealth
 + Level 1.8 Spellcasting
 + Level 1.0 Conjurations
 * Level 3.8 Fire Magic


You had 2 spell levels left.
You knew the following spells:

 Your Spells              Type           Power      Damage    Failure   Level
a - Foxfire               Conj/Fire      32%        2x1d5     9%          1

Your spell library contained the following spells:

 Spells                   Type           Power      Damage    Failure   Level
 Scorch                   Fire           24%        2d6       7%          2
 Inner Flame              Hex/Fire       7%         N/A       30%         3
 Volatile Blastmotes      Fire/Tloc      14%        2d11      30%         3
 Flame Wave               Conj/Fire      8%         2d5       63%         4


Dungeon Overview and Level Annotations

Branches:
Dungeon (1/15)

Altars:


Innate Abilities, Weirdness & Mutations

Your spellcasting is much less encumbered by armour.
You can use scrolls of enchantment on lesser artefacts.


Message History

The quokka is severely wounded.
The foxfire hits the quokka.
The quokka is almost dead.
The quokka attacks as it pursues you!
The quokka bites you but does no damage.
The quokka closely misses you. The quokka misses you.
The quokka attacks as it pursues you! The quokka bites you.
The quokka attacks as it pursues you! The quokka barely misses you.
The quokka attacks as it pursues you! The quokka bites you.
The bat barely misses you. The quokka misses you.
The bat attacks as it pursues you! The bat barely misses you. x2
The quokka bites you.
* * * LOW HITPOINT WARNING * * *
The bat hits you but does no damage. The bat hits you but does no damage.
The quokka twitches its whiskers.
Casting: Foxfire (safe; 9% risk of failure)
Confirm with . or Enter, or press ? or * to list all spells.
You conjure some foxfire!
The bat closely misses you. The quokka barely misses you.
The foxfire hits the quokka.
You kill the quokka!
The foxfire hits the bat.
The bat is heavily wounded.
The bat is engulfed in a cloud of scalding steam.
You kill the bat!
The quokka bites you.
* * * LOW HITPOINT WARNING * * *
Your Conjurations skill increases to level 1!
You barely miss the hobgoblin. The quokka completely misses you.
The hobgoblin misses you.
You completely miss the quokka.
The quokka is moderately wounded.
The quokka misses you. The hobgoblin hits you.
* * * LOW HITPOINT WARNING * * *
The quokka misses you.
You closely miss the quokka.
The quokka is moderately wounded.
The hobgoblin barely misses you. The quokka bites you.
You die...

### ##.## ##
..####...####...
....#..~..#.....
ß..~....~....~..ß
##...~..~~~..~...#
##@....~~~~~~~.....
#rg..~~~~J..~~~~...
#.††~~~~..<..~~~~~.
#....~~~~...~~~~...
##.....~~~~~~~.....
##...~..~~~..~...#
#ß..~....~....~..ß
#.....#..~..#.....
#....####...####...


You could see an endoplasm (wandering), a quokka and a hobgoblin.

Vanquished Creatures
  A bat (D:1)
  A goblin (D:1)
  A quokka (D:1)
  A rat (D:1)
4 creatures vanquished.

Vanquished Creatures (others)
  10 foxfires (D:1)
10 creatures vanquished.

Grand Total: 14 creatures vanquished

Notes
Turn   | Place    | Note
-------+----------+-------------------------------------------
     0 | D:1      | killozap the Mountain Dwarf Fire Elementalist began the
                  | quest for the Orb.
     0 | D:1      | Reached XP level 1. HP: 14/14 MP: 3/3
    57 | D:1      | Reached skill level 1 in Conjurations
    60 | D:1      | Slain by a quokka

Illustrated notes

Levels and vault maps discovered:
D:1:      eino_arrival_water_star, layout_basic, minmay_bisected

Skill      XL: |  1 |
---------------+----+-----
Conjurations   | 1 |  1.0
Fighting       | |  0.2
Armour         | |  0.3
Dodging        | |  1.3
Stealth        | |  1.4
Spellcasting   | |  1.8
Fire Magic     | |  3.8

Action                     || total
---------------------------++-------
  Melee: Club              ||     6
   Cast: Foxfire           ||     6
 Armour: Robe              ||    18
  Dodge: Dodged            ||    26

Table legend: (Time is in decaauts)
 A = Elapsed time spent in this place.
 B = Non-inter-level travel time spent in this place.
 C = Inter-level travel time spent in this place.
 D = Time resting spent in this place.
 E = Time spent auto-exploring this place.
 F = Levels seen in this place.
 G = Mean time per level.
                   A        B        C        D        E       F      G
               +--------+--------+--------+--------+--------+-----+--------+
         Total |     61 |     61 |      0 |      0 |     14 |   1 |   61.0 |
       Dungeon |     61 |     61 |      0 |      0 |     14 |   1 |   61.0 |
               +--------+--------+--------+--------+--------+-----+--------+

Top non-repeatable levels by time:
     D:1: 61 daAuts
